SAA
PHOENIX HOTSPUR YOUTH @ YAKIMA HOPS
09/04/2023
 
TOP OF THE 1ST
Phoenix Hotspur Youth batting - Pitching for Yakima Hops : RHP Joe Dwyer
Pitching: RHP Joe Dwyer
Batting: RHB John Boatner 0-0: Foul Ball, location: 2F
0-1: Ball
1-1: Foul Ball, location: 2F
1-2: Strikes out swinging
Batting: RHB Wilson Castillo 0-0: Called Strike
0-1: Swinging Strike
0-2: Foul Ball, location: 2F
0-2: Ball
1-2: Ball
2-2: Strikes out looking
Batting: RHB Alex Niemann 0-0: Ball
1-0: Ball
2-0: Called Strike
2-1: Foul Ball, location: 2F
Reached via error on a dropped throw, E3
Batting: RHB Keith Burnett 0-0: Called Strike
0-1: Ball
1-1: Ball
2-1: Ball
3-1: Foul Ball, location: 2F
3-2: Base on Balls
Alex Niemann to second
Batting: RHB Javier González 0-0: Ball
1-0: Fly out, F8 (Line Drive, 8LM)
Top of the 1st over - 0 run(s), 0 hit(s), 1 error(s), 2 left on base; Phoenix Hotspur 0 - Yakima 0
BOTTOM OF THE 1ST
Yakima Hops batting - Pitching for Phoenix Hotspur Youth : RHP Adam Garrison
Pitching: RHP Adam Garrison
Batting: RHB Abraham Jacobs 0-0: Called Strike
0-1: Ball
1-1: Called Strike
1-2: Strikes out swinging
Batting: LHB Jorge Vargas 0-0: Called Strike
0-1: Fly out, F6 (Popup, 6MD)
Batting: RHB Júlio Molina 0-0: Called Strike
0-1: Foul Ball, location: 2F
0-2: Foul Ball, location: 2F
0-2: Ball
1-2: Ball
2-2: SOLO HOME RUN (Flyball, 7LD), Distance : 366 ft
Batting: LHB Miguel Juárez 0-0: Ball
1-0: Ball
2-0: Called Strike
2-1: Ball
3-1: Called Strike
3-2: Foul Ball, location: 2F
3-2: Base on Balls
Batting: RHB Joe Phillips 0-0: Called Strike
0-1: DOUBLE (Groundball, 3L)
Miguel Juárez to third
Runner from 3rd tries for Home, SAFE, throw made home
Batting: SHB Esteban Lugo 0-0: Foul Ball, location: 2F
0-1: Ball
1-1: Ground out 6-3 (Groundball, 6)
Bottom of the 1st over - 2 run(s), 2 hit(s), 0 error(s), 1 left on base; Phoenix Hotspur 0 - Yakima 2
TOP OF THE 2ND
Phoenix Hotspur Youth batting - Pitching for Yakima Hops : RHP Joe Dwyer
Batting: RHB Ed Sharp 0-0: Ball
1-0: Ball
2-0: Fly out, F3 (Popup, 3SF)
Batting: RHB Shohei Kiyomizu 0-0: Called Strike
0-1: Called Strike
0-2: Ball
1-2: Foul Ball, location: 2F
1-2: Ball
2-2: Ground out 1-3 (Groundball, 15)
Batting: RHB Dan Perkins 0-0: Ball
1-0: Ball
2-0: Foul Ball, location: 2F
2-1: Ball
3-1: SINGLE (Line Drive, 6MD)
Batting: RHB Larry Bryant 0-0: Called Strike
0-1: Called Strike
0-2: Ball
1-2: Strikes out swinging
Top of the 2nd over - 0 run(s), 1 hit(s), 0 error(s), 1 left on base; Phoenix Hotspur 0 - Yakima 2
BOTTOM OF THE 2ND
Yakima Hops batting - Pitching for Phoenix Hotspur Youth : RHP Adam Garrison
Batting: RHB Timothy Jones 0-0: Foul Ball, location: 2F
0-1: Ball
1-1: Foul Ball, location: 2F
1-2: SINGLE (Groundball, 56)
Batting: RHB Ricardo Téllez 0-0: Ball
1-0: Ball
2-0: DOUBLE (Line Drive, 7LD)
Timothy Jones to third
Batting: RHB Vicente Rodríguez 0-0: Fly out, F9 (Flyball, 9M)
Runner from 3rd tags up, SCORES, throw made
Batting: RHB Abraham Jacobs 0-0: Called Strike
0-1: Foul Ball, location: 2F
0-2: Ball
1-2: Foul Ball, location: 2F
1-2: Foul Ball, location: 2F
1-2: Foul Ball, location: 2F
1-2: Ground out 5-3 (Groundball, 5L)
Batting: LHB Jorge Vargas 0-0: Ball
1-0: Ball
2-0: Called Strike
2-1: Ball
3-1: Base on Balls
Batting: RHB Júlio Molina 0-0: Called Strike
0-1: Foul Ball, location: 2F
0-2: Ball
1-2: SINGLE (Groundball, 56D) (infield hit)
Ricardo Téllez to third
Jorge Vargas to second
Batting: LHB Miguel Juárez 0-0: Called Strike
0-1: Swinging Strike
0-2: Ball
1-2: Ball
2-2: Ball
3-2: Fly out, F8 (Flyball, 8RXD)
Bottom of the 2nd over - 1 run(s), 3 hit(s), 0 error(s), 3 left on base; Phoenix Hotspur 0 - Yakima 3
TOP OF THE 3RD
Phoenix Hotspur Youth batting - Pitching for Yakima Hops : RHP Joe Dwyer
Batting: RHB John Boatner 0-0: Called Strike
0-1: Ball
1-1: Ball
2-1: Ground out 6-3 (Groundball, 6M)
Batting: RHB Wilson Castillo 0-0: Ball
1-0: Foul Ball, location: 2F
1-1: Ground out 6-3 (Groundball, 6M)
Batting: RHB Alex Niemann 0-0: Ball
1-0: Ball
2-0: Foul Ball, location: 2F
Error on foul ball, E9
2-2: Fly out, F9 (Flyball, 89S)
Top of the 3rd over - 0 run(s), 0 hit(s), 1 error(s), 0 left on base; Phoenix Hotspur 0 - Yakima 3
BOTTOM OF THE 3RD
Yakima Hops batting - Pitching for Phoenix Hotspur Youth : RHP Adam Garrison
Batting: RHB Joe Phillips 0-0: Ball
1-0: Ball
2-0: Ball
3-0: Called Strike
3-1: Swinging Strike
3-2: Base on Balls
Batting: SHB Esteban Lugo 0-0: Swinging Strike
0-1: Ball
1-1: Ball
2-1: Grounds into double play, 6-4-3 (Groundball, 6)
Batting: RHB Timothy Jones 0-0: Called Strike
0-1: Ball
1-1: Ball
2-1: SINGLE (Line Drive, 5D)
Batting: RHB Ricardo Téllez 0-0: Ball
1-0: Swinging Strike
1-1: Fielders Choice at 2nd, U6 (Groundball, 6M)
Bottom of the 3rd over - 0 run(s), 1 hit(s), 0 error(s), 1 left on base; Phoenix Hotspur 0 - Yakima 3
TOP OF THE 4TH
Phoenix Hotspur Youth batting - Pitching for Yakima Hops : RHP Joe Dwyer
Batting: RHB Keith Burnett 0-0: Foul Ball, location: 2F
0-1: Ball
1-1: Ball
2-1: Foul Ball, location: 2F
2-2: Foul Ball, location: 2F
2-2: Foul Ball, location: 2F
2-2: Foul Ball, location: 2F
2-2: Ground out 6-3 (Groundball, 6)
Batting: RHB Javier González 0-0: Ball
1-0: Ball
2-0: Ball
3-0: Base on Balls
Batting: RHB Ed Sharp 0-0: Foul Ball, location: 2F
0-1: Ball
1-1: Ground out 3-1 (Groundball, 34)
Javier González to second
Batting: RHB Shohei Kiyomizu 0-0: Called Strike
0-1: Ball
1-1: Foul Ball, location: 2F
1-2: Strikes out swinging
Top of the 4th over - 0 run(s), 0 hit(s), 0 error(s), 1 left on base; Phoenix Hotspur 0 - Yakima 3
BOTTOM OF THE 4TH
Yakima Hops batting - Pitching for Phoenix Hotspur Youth : RHP Adam Garrison
Batting: RHB Vicente Rodríguez 0-0: Fly out, F9 (Flyball, 9S)
Batting: RHB Abraham Jacobs 0-0: Ball
1-0: Ball
2-0: Ground out 6-3 (Groundball, 6M)
Batting: LHB Jorge Vargas 0-0: Ball
1-0: Called Strike
1-1: Ball
2-1: SINGLE (Groundball, 6MD) (infield hit)
Batting: RHB Júlio Molina 0-0: Ball
1-0: Called Strike
1-1: Ball
2-1: Fielders Choice at 2nd, 6-4 (Groundball, 6)
Bottom of the 4th over - 0 run(s), 1 hit(s), 0 error(s), 0 left on base; Phoenix Hotspur 0 - Yakima 3
TOP OF THE 5TH
Phoenix Hotspur Youth batting - Pitching for Yakima Hops : RHP Joe Dwyer
Batting: RHB Dan Perkins 0-0: Called Strike
0-1: SINGLE (Groundball, 56D) (infield hit)
Batting: RHB Larry Bryant 0-0: Ball
1-0: Grounds into double play, 6-4-3 (Groundball, 6)
Batting: RHB John Boatner 0-0: Ball
1-0: SINGLE (Line Drive, 4D)
Batting: RHB Wilson Castillo 0-0: Ball
1-0: Ball
2-0: Called Strike
2-1: Called Strike
2-2: Foul Ball, location: 2F
2-2: SINGLE (Line Drive, 4D)
John Boatner to second
Batting: RHB Alex Niemann 0-0: Ball
1-0: Called Strike
1-1: Called Strike
1-2: SINGLE (Line Drive, 34D)
John Boatner to third
Wilson Castillo to second
Runner from 3rd tries for Home, SAFE, no throw or cutoff
Pitching: RHP Sean Sanford
Batting: RHB Keith Burnett 0-0: Called Strike
0-1: Ball
1-1: Ball
2-1: Foul Ball, location: 2F
2-2: Strikes out swinging
Top of the 5th over - 1 run(s), 4 hit(s), 0 error(s), 2 left on base; Phoenix Hotspur 1 - Yakima 3
BOTTOM OF THE 5TH
Yakima Hops batting - Pitching for Phoenix Hotspur Youth : RHP Adam Garrison
Batting: LHB Miguel Juárez 0-0: Ball
1-0: SINGLE (Groundball, 4MD)
Batting: RHB Joe Phillips 0-0: Called Strike
0-1: Ground out 5-3 (Groundball, 56S)
Miguel Juárez to second
Batting: SHB Esteban Lugo 0-0: Ball
1-0: Ball
2-0: 2-RUN HOME RUN (Flyball, 8RXD), Distance : 438 ft
Batting: RHB Timothy Jones 0-0: Ball
1-0: Ball
2-0: Foul Ball, location: 2F
2-1: Ball
3-1: Called Strike
3-2: Strikes out swinging
Batting: RHB Ricardo Téllez 0-0: Called Strike
0-1: Fly out, F8 (Flyball, 8RM)
Bottom of the 5th over - 2 run(s), 2 hit(s), 0 error(s), 0 left on base; Phoenix Hotspur 1 - Yakima 5
TOP OF THE 6TH
Phoenix Hotspur Youth batting - Pitching for Yakima Hops : RHP Sean Sanford
Batting: RHB Javier González 0-0: Ball
1-0: Swinging Strike
1-1: Foul Ball, location: 2F
1-2: Foul Ball, location: 2F
1-2: Strikes out looking
Batting: RHB Ed Sharp 0-0: Foul Ball, location: 2F
0-1: Ball
1-1: Ball
2-1: Foul Ball, location: 2F
2-2: Ball
3-2: Foul Ball, location: 2F
3-2: Ground out 4-3 (Groundball, 4)
Batting: RHB Shohei Kiyomizu 0-0: Ball
1-0: Ball
2-0: Called Strike
2-1: Ball
3-1: Base on Balls
Batting: RHB Dan Perkins 0-0: Ball
1-0: Foul Ball, location: 2F
1-1: Ground out 2-3 (Groundball, 25)
Top of the 6th over - 0 run(s), 0 hit(s), 0 error(s), 1 left on base; Phoenix Hotspur 1 - Yakima 5
BOTTOM OF THE 6TH
Yakima Hops batting - Pitching for Phoenix Hotspur Youth : RHP Adam Garrison
Batting: RHB Vicente Rodríguez 0-0: Foul Ball, location: 2F
0-1: Swinging Strike
0-2: Foul Ball, location: 2F
0-2: Strikes out swinging
Batting: RHB Abraham Jacobs 0-0: Ball
1-0: Called Strike
1-1: Ball
2-1: Ball
3-1: Base on Balls
Batting: LHB Jorge Vargas 0-0: Ball
1-0: SINGLE (Groundball, 34D)
Abraham Jacobs to second
Runner from 2nd tries for 3rd, SAFE, no throw or cutoff
Batting: RHB Júlio Molina 0-0: Fly out, F4 (Line Drive, 4M)
Batting: LHB Miguel Juárez 0-0: Ball
1-0: Ball
2-0: Ball
3-0: Called Strike
3-1: Ground out 4-3 (Groundball, 4)
Bottom of the 6th over - 0 run(s), 1 hit(s), 0 error(s), 2 left on base; Phoenix Hotspur 1 - Yakima 5
TOP OF THE 7TH
Phoenix Hotspur Youth batting - Pitching for Yakima Hops : RHP Sean Sanford
Batting: RHB Larry Bryant 0-0: Called Strike
0-1: Ball
1-1: Ball
2-1: Ball
3-1: Base on Balls
Batting: RHB John Boatner 0-0: Foul Ball, location: 2F
0-1: Ball
1-1: Called Strike
1-2: Ball
2-2: Strikes out swinging
Batting: RHB Wilson Castillo 0-0: Ground out 5-3 (Groundball, 56S)
Larry Bryant to second
Batting: RHB Alex Niemann 0-0: Foul Ball, location: 2F
0-1: Ground out 5-3 (Groundball, 56S)
Top of the 7th over - 0 run(s), 0 hit(s), 0 error(s), 1 left on base; Phoenix Hotspur 1 - Yakima 5
BOTTOM OF THE 7TH
Yakima Hops batting - Pitching for Phoenix Hotspur Youth : RHP Adam Garrison
Batting: RHB Joe Phillips 0-0: Ball
1-0: Fly out, F9 (Flyball, 9M)
Batting: SHB Esteban Lugo 0-0: Ball
1-0: Foul Ball, location: 2F
1-1: Foul Ball, location: 2F
1-2: DOUBLE (Line Drive, 3L) - OUT at third base trying to stretch hit.
Batting: RHB Timothy Jones 0-0: Called Strike
0-1: Called Strike
0-2: Strikes out swinging
Bottom of the 7th over - 0 run(s), 1 hit(s), 0 error(s), 0 left on base; Phoenix Hotspur 1 - Yakima 5
TOP OF THE 8TH
Phoenix Hotspur Youth batting - Pitching for Yakima Hops : RHP Sean Sanford
Batting: RHB Keith Burnett 0-0: Ball
1-0: Called Strike
1-1: Ground out 6-3 (Groundball, 6M)
Batting: RHB Javier González 0-0: Swinging Strike
0-1: Called Strike
0-2: SOLO HOME RUN (Flyball, 7D), Distance : 394 ft
Batting: RHB Ed Sharp 0-0: Ground out 4-3 (Groundball, 4M)
Batting: RHB Shohei Kiyomizu 0-0: Called Strike
0-1: Called Strike
0-2: Ball
1-2: Foul Ball, location: 2F
1-2: Strikes out swinging
Top of the 8th over - 1 run(s), 1 hit(s), 0 error(s), 0 left on base; Phoenix Hotspur 2 - Yakima 5
BOTTOM OF THE 8TH
Yakima Hops batting - Pitching for Phoenix Hotspur Youth : RHP Adam Garrison
Pitching: RHP Vernon Turner
Batting: RHB Ricardo Téllez 0-0: Foul Ball, location: 2F
0-1: Ball
1-1: Ground out 5-3 (Groundball, 5)
Batting: RHB Vicente Rodríguez 0-0: Called Strike
0-1: Ball
1-1: Ball
2-1: Fly out, F9 (Popup, 34D)
Batting: RHB Abraham Jacobs 0-0: Ball
1-0: Ball
2-0: Called Strike
2-1: Foul Ball, location: 2F
2-2: Strikes out swinging
Bottom of the 8th over - 0 run(s), 0 hit(s), 0 error(s), 0 left on base; Phoenix Hotspur 2 - Yakima 5
TOP OF THE 9TH
Phoenix Hotspur Youth batting - Pitching for Yakima Hops : RHP Sean Sanford
Pitching: LHP Jim Unknown
Now at 1B: William Miles
Now at 2B: Gabriel Juárez
Batting: RHB Dan Perkins 0-0: Ground out 6-3 (Groundball, 6)
Batting: RHB Larry Bryant 0-0: Ball
1-0: Ball
2-0: SINGLE (Groundball, 6)
Batting: RHB John Boatner 0-0: Ball
1-0: Called Strike
1-1: Ball
2-1: Ball
3-1: Fly out, F9 (Flyball, 89M)
Batting: RHB Wilson Castillo 0-0: Called Strike
0-1: Foul Ball, location: 2F
0-2: SINGLE (Line Drive, 7S)
Larry Bryant to second
Batting: RHB Alex Niemann 0-0: Foul Ball, location: 2F
0-1: Swinging Strike
0-2: Ball
1-2: Foul Ball, location: 2F
1-2: Ball
2-2: Foul Ball, location: 2F
2-2: Strikes out looking
Top of the 9th over - 0 run(s), 2 hit(s), 0 error(s), 2 left on base; Phoenix Hotspur 2 - Yakima 5
This league is powered by Out of the Park Baseball, the baseball management simulation game for PC, Mac and Linux
Friday, July 8th, 2016 - OOTP Baseball 16.9 Build 39